 Dungeon Crawl Stone Soup version 0.19.1 (webtiles) character file.

331 empire the Martial Artist (level 6, -1/46 HPs)
             Began as a Demigod Transmuter on Dec 20, 2016.
             Slain by a goblin
             ... wielding a +0 club
             ... led by Robin
              (5 damage)
             ... in the Ecumenical Temple.
             The game lasted 00:09:14 (3575 turns).

empire the Martial Artist (Demigod Transmuter)      Turns: 3575, Time: 00:09:15

Health: -1/46      AC:  4    Str: 13    XL:     6   Next: 5%
Magic:  12/12      EV: 17    Int: 19    God:
Gold:   168        SH:  0    Dex: 18    Spells: 3 memorised, 1 level left

rFire  . . .     SeeInvis .       - Unarmed
rCold  . . .     Gourm    .     Z - +0 leather armour
rNeg   . . .     Faith    .     (no shield)
rPois  .         Spirit   .     j - +1 hat
rElec  .         Reflect  .     (no cloak)
rCorr  .         Harm     .     (no gloves)
MR     .....                    (no boots)
Stlth  +.........               v - amulet of magic regeneration
                                (no ring)
                                (no ring)

@: appendage (expiring), very slightly contaminated, hasted, very quick
A: horns 2, high mp 1
a: End Transformation


You were in the Ecumenical Temple.
You were not hungry.
You had grown temporary horns.
You visited 2 branches of the dungeon, and saw 5 of its levels.

You collected 168 gold pieces.

Inventory:

Hand Weapons
 a - a cursed -1 dagger
 w - a +2 hand axe of freezing
Missiles
 g - 29 arrows
Armour
 j - a +1 hat (worn)
 q - a cursed +0 ring mail
 Z - a +0 leather armour (worn)
Jewellery
 v - an amulet of magic regeneration (around neck)
Scrolls
 e - a scroll of remove curse {unknown}
 h - 2 scrolls of amnesia {unknown}
 k - 2 scrolls of recharging {unknown}
 l - a scroll of noise {unknown}
 m - a scroll of immolation {unknown}
 o - a scroll of teleportation {unknown}
 y - a scroll of enchant armour {unknown}
Potions
 f - a potion of cancellation
 i - a potion of degeneration
 p - a potion of might
 r - a potion of resistance {unknown}
 z - a potion of berserk rage {unknown}
 A - a potion of brilliance {unknown}
 B - a potion of ambrosia {unknown}
Books
 c - a book of Changes

   Spells                             Type                      Level
   a - Beastly Appendage              Transmutation                1
   b - Sticks to Snakes               Transmutation                2
   c - Spider Form                    Transmutation/Poison         3
   d - Ice Form                       Ice/Transmutation            4
   e - Blade Hands                    Transmutation                5
Comestibles
 b - 3 meat rations
 d - 2 bread rations
 s - 4 beef jerkies
 t - 4 fruits
 u - 2 chunks of flesh
 x - 2 slices of pizza


   Skills:
 - Level 0.8 Fighting
 + Level 8.0 Dodging
 + Level 8.2 Unarmed Combat
 - Level 2.0 Spellcasting
 + Level 2.9 Transmutations


You had one spell level left.
You knew the following spells:

 Your Spells              Type           Power        Failure   Level  Hunger
a - Beastly Appendage     Tmut           ##....       10%         1    #......
b - Spider Form           Tmut/Pois      #.........   41%         3    ###....
c - Ice Form              Ice/Tmut       #.......     96%         4    #####..


Dungeon Overview and Level Annotations

Branches:
Dungeon (4/15)             Temple (1/1) D:4

Annotations:
D:4 Blork the orc, Pikel, Robin


Innate Abilities, Weirdness & Mutations

You have an increased reservoir of magic. (+10% MP)
You have a pair of horns on your head.


Message History

The goblin hits you but does no damage. Something hits you!
* * * LOW HITPOINT WARNING * * *
You climb downwards.
Welcome to the Ecumenical Temple!
Found eight altars.
There is a staircase back to the Dungeon here.
You feel yourself speed up. The goblin hits you but does no damage.
The hobgoblin misses you. The goblin barely misses you. The goblin hits you.
* * * LOW HITPOINT WARNING * * *
The hobgoblin barely misses you.
You are very lightly contaminated with residual magic.
Your leather armour prevents you from hitting the goblin.
You headbutt the goblin.
You kill the goblin!
Some of the chunks of flesh in your inventory have rotted away.
You punch the hobgoblin!
You kill the hobgoblin!
Your transformation is almost over.
The hobgoblin barely misses you. The goblin closely misses you.
The goblin hits you with a club.
You die...

.....# #.....
._...8 8..._.
......# #......
......⌠ ⌠......
...._..#.._....
#8...........8#
#⌠..))...⌠#
#.g@..#
#⌠..gg...⌠#
#8...........8#
...._..#.._....
......⌠ ⌠......
......# #......
._...8 8..._.
.....# #.....


You could see a hobgoblin and 2 goblins.

Vanquished Creatures
  An orc wizard (D:3)
  2 gnolls (D:1)
  4 adders
  An ooze (D:3)
  4 worms
  4 dart slugs
  2 leopard geckos (D:1)
  6 orcs (D:3)
  A giant cockroach (D:2)
  17 goblins
  10 hobgoblins
  8 jackals
  8 kobolds
  A quokka (D:3)
  11 bats
  A frilled lizard (D:3)
  5 rats
86 creatures vanquished.

Notes
Turn   | Place    | Note
-------+----------+-------------------------------------------
     0 | D:1      | empire the Demigod Transmuter began the quest for the Orb.
     0 | D:1      | Reached XP level 1. HP: 15/15 MP: 5/5
   304 | D:1      | Reached XP level 2. HP: 3/22 MP: 2/7
   472 | D:2      | HP: 1/22 [hobgoblin (5)]
  1076 | D:2      | Reached XP level 3. HP: 8/27 MP: 8/8
  1712 | D:2      | Learned a level 3 spell: Spider Form
  2227 | D:3      | Reached XP level 4. HP: 33/34 MP: 9/9
  2667 | D:3      | Reached XP level 5. HP: 9/39 MP: 10/10
  2974 | D:3      | Learned a level 4 spell: Ice Form
  3271 | D:1      | Reached XP level 6. HP: 45/46 MP: 12/12
  3555 | D:4      | Found a staircase to the Ecumenical Temple.
  3555 | D:4      | Noticed Robin
  3557 | D:4      | Noticed Pikel
  3561 | D:4      | Noticed Blork the orc
  3572 | Temple   | Entered the Ecumenical Temple
  3575 | Temple   | Slain by a goblin

Skill      XL: |  1  2  3  4  5 |
---------------+----------------+-----
Dodging        | 2 7 8 |  8.0
Spellcasting   | 2 |  2.0
Transmutations | 2 |  2.9
Unarmed Combat | 3 8 |  8.2
Fighting       | |  0.8

Action                   |  1- 3 |  4- 6 || total
-------------------------+-------+-------++-------
Melee: Unarmed           |   163 |   150 ||   313
       Kick              |    19 |    18 ||    37
       Headbutt          |    15 |     8 ||    23
       Punch             |     2 |     2 ||     4
 Cast: Beastly Appendage |    21 |    10 ||    31
  Use: Potion            |       |     4 ||     4
       Scroll            |       |     5 ||     5
  Eat: Chunk             |     4 |     5 ||     9
Armor: Robe              |     6 |       ||     6
       Leather armour    |    27 |    30 ||    57
Dodge: Dodged            |   115 |   135 ||   250
